 Dungeon Crawl Stone Soup version 0.30-a0-1085-g990a428a5c (webtiles) character file.

Game seed: 17182169653748545610

105 orbeus the Stinger (level 4, -1/29 HPs)
             Began as an Octopode Venom Mage on Apr 16, 2023.
             Slain by a black bear (2 damage)
             ... on level 3 of the Dungeon.
             The game lasted 00:18:37 (4054 turns).

orbeus the Stinger (Octopode Venom Mage)            Turns: 4054, Time: 00:18:38

Health: -1/29      AC:  1    Str:  7    XL:     4   Next: 83%
Magic:  7/7        EV: 13    Int: 19    God:
Gold:   104        SH:  0    Dex: 12    Spells: 1/7 levels left

rFire   . . .      SeeInvis .    b - +0 dagger
rCold   . . .      Faith    .    (no shield)
rNeg    . . .      Spirit   .    (helmet restricted)
rPois   +          Reflect  .    (no amulet)
rElec   .          Rampage  .    m - ring of poison resistance
rCorr   .                        (no ring)
Will    .....                    (no ring)
Stlth   +++                      (no ring)
HPRegen 0.24/turn                (no ring)
MPRegen 0.10/turn                (no ring)
                                 (no ring)
                                 (no ring)

@: no status effects
A: almost no armour, amphibious, 8 rings, camouflage 1, gelatinous body 1,
(nimble swimmer 1), tentacles
a: no special abilities


You were on level 3 of the Dungeon.
You visited 1 branch of the dungeon, and saw 4 of its levels.

You collected 104 gold pieces.

Inventory:

Hand Weapons
 a - a +0 sling
 b - a +0 dagger (weapon)
 w - a +0 spear
Missiles
 e - 8 boomerangs
 k - 26 stones
Magical Staves
 f - a staff of cold
Jewellery
 m - a ring of poison resistance (left tentacle)
Scrolls
 c - a scroll of blinking
 l - a scroll of teleportation
 q - 3 scrolls of identify
Potions
 d - a potion of magic
 g - a potion of mutation {unknown}
 h - 2 potions of degeneration {unknown}
 i - a potion of might {unknown}
 n - a potion of flight {unknown}


   Skills:
 + Level 1.6 Fighting
 - Level 2.0 Dodging
 + Level 3.9 Stealth
 + Level 2.1 Spellcasting
 + Level 0.3 Conjurations
 - Level 1.0 Transmutations
 + Level 1.2 Air Magic
 * Level 4.9 Poison Magic


You had one spell level left.
You knew the following spells:

 Your Spells              Type           Power      Damage    Failure   Level
a - Poisonous Vapours     Pois/Air       26%        N/A       7%          2
b - Sting                 Tmut/Pois      52%        1d5       4%          1
c - Mephitic Cloud        Conj/Pois/Air  10%        N/A       21%         3

Your spell library contained the following spells:

 Spells                   Type           Power      Damage    Failure   Level
 Olgreb's Toxic Radiance  Pois           20%        N/A       22%         4
 Freezing Cloud           Conj/Ice/Air   2%         6-21      98%         5


Dungeon Overview and Level Annotations

Branches:
Dungeon (4/15)
 Temple: D:4-7

Altars:

Annotations:
D:1 exclusion: downstairs
D:2 exclusion: downstairs
D:3 2 runed translucent doors, exclusion: downstairs, Crazy Yiuf; Pargi; gelatine's ghost, weakling DsCj


Innate Abilities, Weirdness & Mutations

You cannot wear most types of armour.
You are amphibious.
You can wear up to eight rings at the same time.
Your skin changes colour to match your surroundings (Stealth+).
Your rubbery body absorbs attacks. (AC +1, EV +1)
((You are camouflaged when in or above water. (Stealth+)))
You have tentacles for arms and can constrict up to eight enemies at once.


Message History

You constrict the black bear, but do no damage.
The black bear bites you but does no damage.
The black bear claws you. The black bear misses you.
You completely miss the black bear.
The black bear is lightly wounded.
You constrict the black bear. The black bear closely misses you.
The black bear claws you. The black bear closely misses you.
You release your grip on the black bear.
The black bear looks more healthy.
The black bear attacks as you move away!
The black bear barely misses you. The black bear claws you.
The black bear barely misses you.
There is a stone staircase leading up here.
The black bear bites you.
The black bear claws you but does no damage.
The black bear claws you.
You climb upwards.
Level annotation: 2 runed translucent doors, exclusion: downstairs, Crazy Yiuf; Pargi; gelatine's ghost, weakling DsCj
There is a stone staircase leading down here.
As you read the scroll of fear, it crumbles to dust.
You assume a fearsome visage.
The black bear looks frightened!
There is a stone staircase leading down here.
You start resting.
A black bear is nearby!
The black bear bites you. The black bear barely misses you.
The black bear claws you.
The black bear attacks as you move away!
The black bear barely misses you. The black bear claws you. x2
The black bear attacks as you move away!
The black bear barely misses you. The black bear claws you.
The black bear barely misses you.
The black bear attacks as you move away!
The black bear closely misses you. The black bear claws you. x2
The black bear attacks as you move away!
The black bear bites you.
* * * LOW HITPOINT WARNING * * *
The black bear claws you.
* * * LOW HITPOINT WARNING * * *
The black bear claws you.
You die...

#+# #...#.# ...
#..###.## #...# #.##
#.. #..)# #..## .###
##### #...#.#
#>##.#### ########
#........
#..#...#####.#######
#......h@....#
#..#...#####.#
#...#.## #.#
##.#.#.## #.#
#.......# #.#
#.......# #.#
#.......## #.#
#........####.#
#...........>.#


You could see a black bear.

Vanquished Creatures
  Jessica (D:2)
  A gnoll (D:1)
  An adder (D:2)
  4 worms
  2 dart slugs (D:1)
  An endoplasm (D:3)
  A giant cockroach (D:3)
  4 hobgoblins
  6 jackals
  3 kobolds
  2 quokkas
  2 ball pythons
  6 bats
  2 frilled lizards (D:1)
  4 goblins
  7 rats
47 creatures vanquished.

Notes
Turn   | Place    | Note
-------+----------+-------------------------------------------
     0 | D:1      | orbeus the Octopode Venom Mage began the quest for the Orb.
     0 | D:1      | Reached XP level 1. HP: 11/11 MP: 3/3
   159 | D:1      | Reached skill level 4 in Poison Magic
   159 | D:1      | Reached XP level 2. HP: 18/18 MP: 1/5
   162 | D:1      | Learned a level 2 spell: Poisonous Vapours
   944 | D:2      | Noticed Jessica
  1281 | D:2      | Reached skill level 1 in Fighting
  1334 | D:2      | Reached XP level 3. HP: 23/23 MP: 1/6
  1608 | D:2      | Killed Jessica
  1609 | D:2      | Reached skill level 1 in Air Magic
  1675 | D:2      | Learned a level 3 spell: Mephitic Cloud
  1812 | D:2      | Reached XP level 4. HP: 28/28 MP: 2/7
  3362 | D:3      | Noticed Pargi
  3382 | D:3      | HP: 1/29 [Pargi (1)]
  3534 | D:3      | Found a runed translucent door.
  3535 | D:3      | Noticed Crazy Yiuf
  3554 | D:3      | Found a faded altar of an unknown god.
  3669 | D:3      | Found a runed translucent door.
  3669 | D:3      | Noticed gelatine's ghost (weakling DsCj)
  3740 | D:4      | Noticed a black bear
  4054 | D:3      | HP: 1/29 [black bear (4)]
  4054 | D:3      | Slain by a black bear

Illustrated notes

Levels and vault maps discovered:
D:1:      tarquinn_simple_flora_water_b, layout_basic, nicolae_wormholes
D:2:      minmay_spotlight, layout_loops_ring, uniq_jessica
D:3:      layout_loops_ring, gammafunk_ghost_grave,
          hellmonk_ecumenical_altar_dog_temple, uniq_crazy_yiuf_cottage,
          uniq_pargi
D:4:      layout_basic, nicolae_dithmenos_shadow_blocks, uniq_duvessa,
          uniq_robin

Skill      XL: |  1  2  3 |
---------------+----------+-----
Stealth        | 3 |  3.9
Poison Magic   | 4 |  4.9
Fighting       | 1 |  1.6
Air Magic      | 1 |  1.2
Dodging        | |  2.0
Spellcasting   | |  2.1
Conjurations   | |  0.3
Transmutations | |  1.0

Action                     |  1- 3 |  4- 6 || total
---------------------------+-------+-------++-------
  Melee: Unarmed           |     3 |       ||     3
         Constrict         |     4 |    12 ||    16
         Spear             |     6 |     5 ||    11
         Tentacles         |     4 |    12 ||    16
         Dagger            |     8 |    43 ||    51
   Fire: Sling             |     4 |       ||     4
   Cast: Sting             |     6 |       ||     6
         Poisonous Vapours |    27 |    37 ||    64
         Mephitic Cloud    |       |     1 ||     1
    Use: Scroll            |       |     9 ||     9
   Stab: Sleeping          |     2 |     2 ||     4
 Armour: Skin              |     2 |     7 ||     9
  Dodge: Dodged            |     6 |    45 ||    51

Table legend: (Time is in decaauts)
 A = Elapsed time spent in this place.
 B = Non-inter-level travel time spent in this place.
 C = Inter-level travel time spent in this place.
 D = Time resting spent in this place.
 E = Time spent auto-exploring this place.
 F = Levels seen in this place.
 G = Mean time per level.
                   A        B        C        D        E       F      G
               +--------+--------+--------+--------+--------+-----+--------+
         Total |   4054 |   3856 |    198 |   1466 |   1253 |   4 | 1013.5 |
       Dungeon |   4054 |   3856 |    198 |   1466 |   1253 |   4 | 1013.5 |
               +--------+--------+--------+--------+--------+-----+--------+

Top non-repeatable levels by time:
     D:1: 1706 daAuts
     D:2: 1417 daAuts
     D:3: 682 daAuts
     D:4: 248 daAuts
